 Dungeon Sprint DCSS version 0.29-a0-221-gceb61267dd (webtiles) character file.

Game seed: 2297828411297150109

963 mhtbhm the Slicer (level 8, -11/90 HPs)
             Began as a Kobold Berserker on Feb 26, 2022.
             Was a Priest of Trog.
             Mangled by a red devil
             ... wielding a +0 trident
             ... summoned by a kobold demonologist
              (14 damage)
             ... in the Dungeon (Sprint I: "Red Sonja").
             The game lasted 00:01:11 (499 turns).

mhtbhm the Slicer (Kobold Berserker)                 Turns: 499, Time: 00:01:12

Health: -11/90     AC:  7    Str: 16    XL:     8   Next: 37%
Magic:  8/8        EV: 16    Int:  8    God:    Trog [***...]
Gold:   416        SH:  0    Dex: 15    Spells: 7/7 levels left

rFire   . . .      SeeInvis .   a - +0 short sword
rCold   . . .      Faith    .   (no shield)
rNeg    . . .      Spirit   .   b - +0 ring mail
rPois   .          Reflect  .   (no helmet)
rElec   .          Harm     .   j - +0 cloak
rCorr   .          Rampage  .   (no gloves)
Will    .....      NoTele   +   (no boots)
Stlth   ..........              (no amulet)
HPRegen 0.25/turn               (no ring)
MPRegen 0.11/turn               (no ring)

@: berserking (expiring), spiked, very quick
A: small, no large weapons, nightstalker 3
a: Renounce Religion, Berserk, Trog's Hand


You were in the Dungeon.
You worshipped Trog.
Trog was most pleased with you.
You visited 1 branch You collected 416 gold pieces.

Inventory:

Hand Weapons
 a - a +0 short sword (weapon)
Armour
 b - a +0 ring mail (worn)
 j - a +0 cloak (worn)
Wands
 i - a wand of paralysis (2)
Scrolls
 h - 2 scrolls of blinking
Potions
 c - 2 potions of curing
 d - a potion of heal wounds
 e - a potion of haste
 f - 2 potions of magic
 g - a potion of berserk rage


   Skills:
 + Level 11.1 Fighting
 + Level 14.4 Short Blades
 + Level 4.6 Armour
 + Level 7.0 Dodging
 + Level 7.3 Stealth
 + Level 2.1 Evocations


You had 7 spell levels left.
You didn't know any spells.
Your spell library was empty.

Dungeon Overview and Level Annotations

Branches:
Dungeon (1/1)

Altars:
Cheibriados
Dithmenos
Elyvilon
Fedhas
Gozag
Hepliaklqana
Kikubaaqudgha
Makhleb
Nemelex Xobeh
Okawaru
Qazlal
Ru
Sif Muna
Trog
Uskayaw
Vehumet
Wu Jian
Xom
Yredelemnul
Zin
The Shining One
Jiyva
Lugonu

Shops:
D *


Innate Abilities, Weirdness & Mutations

You are small and have problems with some larger weapons.
You are completely attuned to the shadows.


Message History

Your Evocations skill increases to level 2!
The barbs in your skin will harm you if you move.
Continue?
Okay, then.
The barbs in your skin will harm you if you move.
Continue?
Okay, then.
The barbs in your skin will harm you if you move.
Continue? [Y]es or [N]o only, please.
The barbs in your skin will harm you if you move.
Continue?
Okay, then.
The barbs in your skin will harm you if you move.
Continue? [Y]es or [N]o only, please.
The barbs in your skin will harm you if you move.
Continue?
The barbed spikes dig painfully into your body as you move.
The red devil hits you with a +0 trident!
* * * LOW HITPOINT WARNING * * *
Barbed spikes become lodged in your body.
The kobold demonologist gestures wildly while chanting.
There is an open door, spattered with blood here.
There are monsters nearby!
You puncture the kobold demonologist!
The kobold demonologist is moderately wounded.
You barely miss the kobold demonologist.
The kobold demonologist is moderately wounded.
The red devil hits you with a +0 trident!
* * * LOW HITPOINT WARNING * * *
Barbed spikes become lodged in your body.
You barely miss the kobold demonologist.
The kobold demonologist is moderately wounded.
The quasit completely misses you. The quasit closely misses you.
The quasit completely misses you.
The kobold demonologist closely misses you.
The shadow imp completely misses you.
You puncture the kobold demonologist! You punch the kobold demonologist.
The kobold demonologist is severely wounded.
You puncture the kobold demonologist!
The kobold demonologist is almost dead.
The quasit barely misses you. The quasit misses you.
The quasit closely misses you.
The red devil hits you with a +0 trident!
You die...

#####################
.)..#..'..#__#.5@K5.#
.#..').#..'.§§§5#4..#
###'#####'#__####3..+
##..#...#.#### ####
_####..##.#
____##'#_.+
.∩...'..._#
..__##_.#'#
____###+#.#


You could see a kobold demonologist, a smoke demon (summoned), a red devil
(summoned), a quasit (summoned), a white imp (summoned) and a shadow imp
(summoned).

Vanquished Creatures
  A kobold demonologist (D)
  A slime creature (D)
  Sigmund (D)
  A yak (D)
  A floating eye (D)
  An ogre (D)
  A jelly (D)
  Ijyb (D)
8 creatures vanquished.

Notes
Turn   | Place    | Note
-------+----------+-------------------------------------------
     0 | D        | mhtbhm the Kobold Berserker began the quest for the Orb.
     0 | D        | Reached XP level 1. HP: 14/14 MP: 1/1
     2 | D        | Noticed Ijyb
    10 | D        | Killed Ijyb
    11 | D        | Reached skill level 5 in Fighting
    11 | D        | Reached skill level 6 in Short Blades
    11 | D        | Reached XP level 2. HP: 21/21 MP: 2/2
    11 | D        | Reached XP level 3. HP: 26/26 MP: 3/3
   173 | D        | Noticed an ogre
   182 | D        | Killed an ogre
   183 | D        | Reached skill level 8 in Short Blades
   183 | D        | Reached XP level 4. HP: 31/32 MP: 4/4
   183 | D        | Reached XP level 5. HP: 35/37 MP: 5/5
   340 | D        | Noticed Sigmund
   345 | D        | Killed Sigmund
   345 | D        | Reached ** piety under Trog
   346 | D        | Reached skill level 11 in Short Blades
   346 | D        | Reached skill level 5 in Dodging
   346 | D        | Reached skill level 1 in Evocations
   346 | D        | Reached XP level 6. HP: 45/45 MP: 6/6
   361 | D        | Found an ornate altar of the Wu Jian Council.
   362 | D        | Found a shimmering blue altar of Sif Muna.
   363 | D        | Found a radiant altar of Vehumet.
   409 | D        | Found a hazy altar of Hepliaklqana.
   409 | D        | Found a stormy altar of Qazlal.
   409 | D        | Found a hide-covered altar of Uskayaw.
   409 | D        | Found a blossoming altar of Fedhas.
   409 | D        | Noticed a yak
   410 | D        | Found Hyopinat's Assorted Antiques.
   410 | D        | Found a bloodstained altar of Trog.
   410 | D        | Found an opulent altar of Gozag.
   410 | D        | Found a snail-covered altar of Cheibriados.
   411 | D        | Killed a yak
   412 | D        | Reached skill level 12 in Short Blades
   412 | D        | Reached skill level 5 in Stealth
   412 | D        | Reached XP level 7. HP: 51/51 MP: 7/7
   412 | D        | Found an iron altar of Okawaru.
   412 | D        | Found a sparkling altar of Nemelex Xobeh.
   412 | D        | Found a sacrificial altar of Ru.
   412 | D        | Found a glowing silver altar of Zin.
   413 | D        | Found an ancient bone altar of Kikubaaqudgha.
   413 | D        | Found a basalt altar of Yredelemnul.
   413 | D        | Found a glowing golden altar of the Shining One.
   413 | D        | Found a shadowy altar of Dithmenos.
   413 | D        | Found a white marble altar of Elyvilon.
   429 | D        | Found a burning altar of Makhleb.
   429 | D        | Found a viscous altar of Jiyva.
   429 | D        | Found a shimmering altar of Xom.
   429 | D        | Found a corrupted altar of Lugonu.
   429 | D        | Noticed a slime creature
   440 | D        | Killed a slime creature
   441 | D        | Reached skill level 10 in Fighting
   441 | D        | Reached skill level 13 in Short Blades
   479 | D        | Noticed a kobold demonologist
   479 | D        | Noticed a kobold demonologist
   480 | D        | Noticed a red devil
   481 | D        | Paralysed by a floating eye for 2 turns
   484 | D        | Noticed an orange demon
   487 | D        | Noticed a smoke demon
   488 | D        | Reached *** piety under Trog
   489 | D        | Reached XP level 8. HP: 59/59 MP: 8/8
   493 | D        | Killed a kobold demonologist
   494 | D        | Reached skill level 14 in Short Blades
   496 | D        | HP: 3/90 [red devil/+0 trident[a kobold demonologist] (15)]
   499 | D        | Mangled by a red devil

Illustrated notes

Levels and vault maps discovered:
D:        dungeon_sprint_1 [red_sonja_temple_1, red_sonja_temple_small_1]

Skill      XL: |  1  2  3  4  5  6  7  8 |
---------------+-------------------------+-----
Fighting       | 5 6 8 9 10 11 | 11.1
Short Blades   | 6 8 11 12 13 14 | 14.4
Armour         | 2 3 4 |  4.6
Dodging        | 3 4 5 6 7 |  7.0
Stealth        | 3 5 6 7 |  7.3
Evocations     | 1 2 |  2.1

Action                   |  1- 3 |  4- 6 |  7- 9 || total
-------------------------+-------+-------+-------++-------
Melee: Short sword       |    14 |     4 |    24 ||    42
       Punch             |       |       |     1 ||     1
Invok: Berserk           |     2 |       |     2 ||     4
Evoke: Wand              |     1 |     2 |       ||     3
 Stab: Paralysed         |       |     2 |       ||     2
       Sleeping          |       |     2 |       ||     2
Armor: Ring mail         |       |       |     2 ||     2
Dodge: Dodged            |     2 |     1 |    13 ||    16

Table legend: (Time is in decaauts)
 A = Elapsed time spent in this place.
 B = Non-inter-level travel time spent in this place.
 C = Inter-level travel time spent in this place.
 D = Time resting spent in this place.
 E = Time spent auto-exploring this place.
 F = Levels seen in this place.
 G = Mean time per level.
                   A        B        C        D        E       F      G
               +--------+--------+--------+--------+--------+-----+--------+
         Total |    498 |    498 |      0 |    329 |      0 |   1 |  498.0 |
       Dungeon |    498 |    498 |      0 |    329 |      0 |   1 |  498.0 |
               +--------+--------+--------+--------+--------+-----+--------+

Top non-repeatable levels by time:
       D: 498 daAuts
